Map: Arctic Gates

Players

Finti - Winner!

  • Race: Zerg Zerg
  • League: Platinum
  • Spawn Location: 0:00

ale - Winner!

  • Race: Protoss Protoss
  • Spawn Location: 3:00

ILIEKEGGPIE

  • Race: Protoss Protoss
  • League: Platinum
  • Spawn Location: 9:00

Salamandra

  • Race: Terran Terran
  • Spawn Location: 0:00

VOD

Have the link to the VOD?

Description

Time

  • Played on: May 1, 2018, 2:31 p.m.
  • Length: 19:55
Show
View Real Time Build Order
Export as new Build Order

Finti Zerg - Winner!

Build Orders: Hatch First 

Get SALT Encoding   

  12  0:01  Drone  
  13  0:13  Overlord  
  13  0:18  Drone  
  14  0:32  Drone x2  
  16  0:39  Drone  
  17  0:57  Drone  
  17  1:02  Hatchery  
  17  1:03  Drone  
  18  1:08  Drone, Extractor  
  18  1:22  Spawning Pool, Drone  
  18  1:31  Drone  
  19  1:46  Drone  
  20  1:53  Drone, Extractor  
  20  2:07  Drone  
  21  2:12  Overlord  
  21  2:13  Queen  
  24  2:22  Drone  
  24  2:24  Overlord  
  24  2:28  Queen  
  26  2:43  Overlord  
  26  2:48  Drone x3  
  29  2:54  Drone  
  29  2:56  Lair  
  30  3:00  Drone  
  31  3:21  Drone  
  31  3:22  Drone  
  33  3:31  Drone x5  
  33  3:32  Drone x2  
  40  3:34  Extractor  
  40  3:36  Extractor  
  38  3:45  Drone  
  38  3:46  Drone  
  40  3:49  Drone  
  40  3:51  Drone x2  
  43  3:56  Drone x2  
  45  4:06  Drone  
  45  4:07  Drone x3, Hydralisk Den  
  48  4:15  Drone x2  
  50  4:17  Evolution Chamber  
  50  4:21  Evolution Chamber  
  48  4:28  Pneumatized Carapace  
  48  4:36  Queen  
  50  4:38  Grooved Spines  
  50  4:39  Hydralisk  
  50  4:41  Overlord x3  
  50  4:42  Overlord  
  52  5:01  Zerg Missile Weapons Level 1  
  52  5:02  Zerg Ground Armor Level 1, Hydralisk x3  
  52  5:06  Hydralisk  
  60  5:24  Hydralisk x6  
  72  5:39  Hydralisk x4  
  80  5:47  Spore Crawler  
  80  5:49  Spore Crawler, Muscular Augments  
  78  5:50  Spore Crawler, Drone x2  
  78  5:53  Drone  
  80  6:02  Hydralisk x2  
  84  6:14  Overlord x3  
  84  6:15  Lurker Den  
  84  6:16  Drone  
  84  6:33  Drone x2  
  84  6:34  Drone  
  87  6:41  Hydralisk x2  
  87  6:45  Hatchery  
  86  6:47  Extractor x2  
  80  7:09  Drone  
  80  7:10  Drone x5  
  80  7:11  Queen  
  88  7:21  Spore Crawler  
  87  7:24  Spore Crawler  
  87  7:26  Spore Crawler  
  85  7:31  Spore Crawler, Drone  
  85  7:32  Drone  
  85  7:33  Spore Crawler, Drone  
  85  7:34  Drone  
  87  7:45  Zerg Ground Armor Level 2, Zerg Missile Weapons Level 2  
  64  8:34  Drone x9  
  65  8:40  Queen  
  75  8:48  Drone x7  
  82  8:58  Queen  
  84  9:08  Drone x3  
  84  9:09  Drone x2  
  89  9:20  Infestation Pit  
  88  9:28  Overlord x3  
  88  9:35  Drone x3  
  83  10:11  Drone x6  
  83  10:12  Drone x6  
  95  10:20  Hive  
  95  10:27  Drone x3  
  98  10:40  Hydralisk  
  98  10:41  Hydralisk x7  
  114  11:00  Hydralisk x4  
  114  11:01  Hydralisk x2  
  126  11:32  Zerg Missile Weapons Level 3  
  126  11:33  Zerg Ground Armor Level 3  
  126  11:34  Adaptive Talons  
  126  11:37  Overlord  
  126  11:38  Overlord x9  
  126  12:00  Spore Crawler  
  125  12:03  Hydralisk  
  125  12:04  Hydralisk x9  
  145  12:17  Hydralisk  
  145  12:18  Hydralisk x5  
  141  13:08  Lair  
  141  13:12  Hydralisk x6  
  143  13:13  Hydralisk x3  
  143  13:17  Hatchery  
  158  13:35  Hydralisk x3  
  158  13:36  Hydralisk x2  
  94  14:47  Hydralisk x12  
  94  14:51  Overseer  
  94  14:52  Overseer  
  108  15:15  Hydralisk  
  108  15:16  Hydralisk x9  
  128  15:31  Hydralisk  
  128  15:32  Hydralisk x3  
  130  16:04  Hatchery  
  127  16:05  Extractor  
  127  16:06  Extractor  
  125  16:14  Hatchery  
  124  16:21  Hydralisk  
  124  16:22  Hydralisk x15  
  98  17:13  Hydralisk  
  98  17:14  Hydralisk x17  
  120  17:26  Hydralisk x3  
  126  17:37  Hydralisk  
  126  17:38  Hydralisk x7  
  116  18:19  Hydralisk x14  
  144  18:30  Drone  
  144  18:32  Drone  
  144  18:33  Drone x6  
  152  19:02  Hydralisk  
  152  19:03  Hydralisk x4  
Show
View Real Time Build Order
Export as new Build Order

ale Protoss - Winner!

Build Orders: Oracle Opening, Phoenix Opening 

Get SALT Encoding   

  12  0:03  Probe  
  13  0:16  Probe  
  14  0:23  Pylon  
  14  0:28  Probe  
  15  0:42  Gateway  
  15  0:45  Assimilator  
  15  0:50  Assimilator  
  15  0:56  Probe  
  16  1:08  Probe  
  17  1:16  Probe  
  17  1:24  Probe  
  18  1:30  Cybernetics Core  
  19  1:33  Pylon  
  19  1:35  Probe  
  20  1:47  Probe  
  21  1:59  Probe  
  22  2:12  Stargate  
  22  2:13  Stargate  
  22  2:18  Pylon  
  22  2:36  Forge  
  22  2:46  Oracle  
  22  2:57  Phoenix  
  27  3:17  Nexus  
  27  3:20  Photon Cannon  
  27  3:31  Phoenix  
  26  3:43  Phoenix  
  28  3:50  Probe  
  29  3:56  Phoenix  
  31  4:06  Pylon  
  31  4:08  Probe  
  32  4:16  Probe  
  33  4:24  Probe  
  33  4:25  Probe  
  35  4:34  Probe x2  
  37  4:43  Probe  
  37  4:46  Probe  
  39  4:55  Probe  
  39  4:58  Probe  
  37  5:02  Phoenix x2  
  37  5:07  Assimilator  
  37  5:08  Probe  
  37  5:10  Probe  
  37  5:11  Assimilator  
  37  5:13  Photon Cannon  
  39  5:18  Pylon  
  39  5:20  Probe  
  40  5:39  Photon Cannon  
  40  5:43  Photon Cannon  
  40  5:45  Photon Cannon  
  40  5:50  Shield Battery x2  
  40  6:10  Probe x2  
  40  6:11  Fleet Beacon  
  42  6:18  Shield Battery  
  42  6:21  Shield Battery  
  42  6:22  Probe x2  
  44  6:34  Probe  
  43  6:48  Probe  
  43  6:49  Carrier x2  
  44  7:00  Probe  
  57  7:04  Graviton Catapult  
  55  7:12  Probe  
  56  7:15  Stargate  
  56  7:17  Stargate  
  56  7:35  Nexus  
  56  7:39  Pylon  
  56  7:40  Pylon  
  56  7:42  Protoss Air Weapons Level 1, Probe x2  
  56  7:44  Carrier  
  58  7:45  Protoss Shields Level 1  
  58  7:54  Probe x2  
  66  8:24  Carrier  
  66  8:25  Photon Cannon x2  
  66  8:27  Photon Cannon  
  72  8:47  Shield Battery, Probe  
  72  8:49  Shield Battery  
  72  8:53  Probe  
  72  8:54  Probe  
  72  8:55  Probe  
  76  9:04  Assimilator, Probe  
  76  9:08  Assimilator, Pylon  
  77  9:16  Probe  
  78  9:18  Carrier  
  78  9:22  Mothership  
  84  9:27  Cybernetics Core  
  84  9:28  Probe  
  93  9:46  Carrier  
  99  10:04  Carrier  
  105  10:10  Protoss Air Weapons Level 2  
  105  10:12  Protoss Air Armor Level 1  
  105  10:16  Probe  
  106  10:27  Pylon  
  106  10:29  Pylon  
  106  10:31  Pylon  
  106  10:33  Pylon  
  106  10:37  Twilight Council  
  106  10:45  Carrier  
  106  10:49  Carrier  
  112  10:57  Stargate  
  118  11:00  Stargate  
  118  11:09  Nexus  
  118  11:11  Protoss Shields Level 2  
  118  11:13  Pylon  
  118  11:15  Pylon  
  118  11:33  Void Ray  
  122  11:44  Photon Cannon  
  122  11:45  Photon Cannon  
  122  11:47  Photon Cannon  
  122  11:54  Photon Cannon  
  122  11:55  Void Ray  
  126  12:02  Photon Cannon  
  126  12:06  Shield Battery  
  126  12:08  Shield Battery  
  126  12:13  Shield Battery  
  126  12:15  Shield Battery  
  126  12:21  Pylon  
  126  12:26  Carrier  
  132  12:46  Void Ray x2  
  140  12:57  Void Ray  
  144  13:05  Assimilator  
  144  13:07  Assimilator  
  144  13:10  Probe  
  144  13:18  Probe  
  145  13:20  Pylon  
  145  13:22  Pylon  
  145  13:26  Void Ray  
  150  13:28  Probe  
  151  13:36  Protoss Air Weapons Level 3  
  151  13:39  Protoss Air Armor Level 2  
  151  13:40  Probe  
  152  13:42  Carrier  
  152  13:48  Protoss Shields Level 3  
  158  13:52  Probe  
  159  14:04  Probe  
  159  14:07  Carrier  
  166  14:16  Probe  
  167  14:24  Photon Cannon  
  167  14:25  Photon Cannon  
  167  14:27  Photon Cannon  
  167  14:28  Probe  
  167  14:30  Photon Cannon  
  168  14:40  Probe  
  169  14:52  Carrier x2  
  181  15:18  Carrier x3  
  167  15:31  Nexus  
  167  15:33  Mothership  
  167  15:34  Pylon  
  167  15:36  Pylon  
  163  15:57  Carrier  
  133  16:08  Carrier  
  127  16:18  Void Ray  
  115  16:34  Void Ray  
  115  16:44  Void Ray x2  
  113  16:59  Void Ray  
  83  17:17  Void Ray  
  87  17:23  Void Ray  
  80  17:39  Void Ray  
  81  18:19  Nexus  
  81  18:53  Nexus  
Show
View Real Time Build Order
Export as new Build Order

ILIEKEGGPIE Protoss 

Build Orders: Phoenix Opening 

Get SALT Encoding   

  12  0:03  Probe  
  13  0:15  Probe  
  13  0:20  Pylon  
  14  0:28  Probe  
  15  0:40  Probe  
  16  0:49  Gateway  
  16  0:52  Probe  
  16  0:55  Assimilator  
  17  1:00  Assimilator  
  18  1:04  Pylon, Probe  
  18  1:16  Probe  
  19  1:26  Probe  
  20  1:34  Probe  
  20  1:37  Cybernetics Core  
  21  1:42  Probe  
  22  2:14  Stargate  
  22  2:19  Warp Gate  
  22  2:20  Stargate  
  22  2:44  Forge  
  22  2:53  Shield Battery, Nexus  
  22  2:54  Pylon  
  22  3:02  Probe  
  23  3:14  Probe  
  23  3:16  Phoenix  
  26  3:20  Phoenix  
  26  3:26  Probe  
  29  3:36  Photon Cannon  
  29  3:42  Phoenix  
  31  3:49  Probe  
  32  3:58  Phoenix  
  32  4:01  Probe  
  35  4:07  Probe  
  36  4:13  Probe  
  36  4:14  Phoenix  
  36  4:16  Probe  
  40  4:25  Probe  
  40  4:26  Probe  
  42  4:35  Probe  
  42  4:38  Probe  
  44  4:39  Phoenix  
  46  4:47  Phoenix, Probe  
  45  5:09  Probe x2  
  47  5:21  Photon Cannon  
  47  5:25  Probe  
  47  5:26  Photon Cannon  
  47  5:27  Phoenix  
  50  5:28  Probe  
  50  5:29  Pylon  
  50  5:33  Probe  
  51  5:37  Pylon  
  51  5:39  Assimilator  
  51  5:40  Probe  
  51  5:41  Assimilator  
  53  5:47  Phoenix  
  53  5:48  Pylon  
  55  5:56  Probe  
  55  6:00  Probe  
  57  6:04  Probe  
  57  6:09  Void Ray  
  62  6:27  Probe x2  
  63  6:48  Void Ray x2  
  63  6:52  Probe  
  63  6:56  Probe  
  63  7:00  Probe  
  73  7:03  Fleet Beacon  
  73  7:07  Photon Cannon  
  74  7:09  Probe, Photon Cannon  
  74  7:13  Protoss Air Weapons Level 1  
  75  7:25  Cybernetics Core  
  75  7:28  Probe  
  76  7:36  Nexus  
  76  7:38  Probe  
  76  7:40  Probe  
  78  7:52  Probe  
  77  7:58  Gateway  
  77  8:02  Gateway  
  77  8:03  Gateway, Pylon  
  77  8:05  Pylon  
  77  8:18  Void Ray  
  77  8:19  Void Ray  
  71  8:37  Protoss Air Armor Level 1  
  71  8:45  Photon Cannon  
  71  8:46  Gateway, Probe  
  71  8:47  Gateway  
  71  8:50  Probe x2  
  71  8:52  Void Ray  
  74  9:00  Pylon  
  74  9:02  Void Ray, Probe  
  83  9:05  Graviton Catapult  
  83  9:12  Assimilator  
  83  9:17  Assimilator  
  83  9:26  Stargate, Pylon  
  83  9:36  Probe x2  
  83  9:39  Probe  
  83  9:40  Shield Battery  
  83  9:44  Probe x2  
  86  9:49  Sentry  
  86  9:50  Void Ray x2  
  86  9:52  Probe  
  99  9:54  Probe  
  100  10:04  Probe  
  101  10:19  Protoss Shields Level 1, Void Ray  
  101  10:24  Void Ray x2  
  101  10:30  Protoss Air Weapons Level 2  
  101  10:32  Protoss Air Armor Level 2  
  113  10:40  Nexus  
  113  10:42  Pylon x2  
  113  10:58  Assimilator  
  113  11:02  Pylon  
  113  11:03  Assimilator  
  113  11:04  Void Ray, Pylon  
  113  11:07  Void Ray  
  121  11:14  Pylon  
  121  11:16  Pylon  
  121  11:26  Shield Battery  
  121  11:34  Probe  
  121  11:35  Probe x2  
  121  11:37  Void Ray  
  128  11:46  Probe  
  130  11:47  Mothership, Probe  
  130  11:51  Pylon  
  130  11:52  Pylon  
  138  11:56  Pylon  
  138  11:57  Pylon  
  138  12:00  Probe x3  
  141  12:12  Probe  
  142  12:21  Void Ray  
  142  12:22  Void Ray x2  
  142  12:29  Sentry, Protoss Air Weapons Level 3  
  144  12:30  Sentry x2  
  160  12:39  Protoss Air Armor Level 3  
  160  12:54  Zealot x3  
  160  12:57  Void Ray x2  
  166  13:07  Void Ray  
  172  13:42  Void Ray x2  
  180  13:50  Void Ray  
  180  13:53  Stargate  
  184  13:56  Stargate  
  184  13:57  Pylon  
  184  14:10  Twilight Council  
  165  14:30  Void Ray x2  
  156  14:33  Void Ray  
  155  15:12  Void Ray  
  158  15:38  Pylon  
  158  15:39  Pylon  
  158  15:50  Void Ray  
  158  15:54  Void Ray  
  158  15:56  Void Ray x2  
  144  16:05  Void Ray  
  112  16:28  Void Ray  
  104  16:38  Void Ray  
  104  16:39  Void Ray  
  60  17:31  Nexus  
  46  18:25  Assimilator  
  46  18:41  Assimilator  
  46  19:22  Probe  
  47  19:32  Probe  
  47  19:35  Probe  
  48  19:40  Probe  
Show
View Real Time Build Order
Export as new Build Order

Salamandra Terran 

Build Orders: MMM Bio 

Get SALT Encoding   

  12  0:01  SCV  
  13  0:17  Supply Depot  
  13  0:18  SCV  
  14  0:30  SCV  
  14  0:34  Supply Depot  
  15  0:45  Barracks  
  15  0:49  SCV  
  16  1:03  Barracks  
  16  1:07  SCV  
  17  1:15  Refinery  
  17  1:19  SCV  
  18  1:29  Engineering Bay  
  18  1:31  SCV  
  19  1:38  Marine  
  20  1:46  Orbital Command  
  20  1:51  Marine  
  21  2:04  Missile Turret  
  21  2:07  Missile Turret  
  21  2:12  SCV  
  22  2:22  Missile Turret  
  22  2:24  SCV  
  22  2:29  Refinery  
  23  2:36  SCV  
  24  2:38  Missile Turret  
  24  2:48  SCV  
  25  3:00  SCV  
  25  3:04  Command Center, Barracks Tech Lab  
  26  3:11  Barracks Tech Lab  
  26  3:19  Supply Depot  
  26  3:26  Factory  
  26  3:27  SCV  
  26  3:30  Stimpack  
  27  3:41  SCV  
  27  3:46  Combat Shields  
  27  3:47  Marine x2  
  30  3:54  SCV  
  31  4:05  Marine, Supply Depot  
  32  4:12  Starport  
  32  4:15  Barracks  
  32  4:20  Factory Reactor  
  32  4:24  Orbital Command  
  32  4:44  Orbital Command  
  32  4:49  Starport Tech Lab  
  32  4:53  Orbital Command  
  32  4:56  Supply Depot  
  32  5:20  SCV  
  32  5:21  SCV  
  34  5:31  Marine  
  34  5:32  Marine x2, SCV  
  34  5:33  SCV  
  39  5:39  Missile Turret  
  39  5:40  Terran Infantry Weapons Level 1  
  39  5:44  Missile Turret  
  39  5:45  Medivac x2, SCV x2  
  46  5:57  Refinery, SCV x2  
  46  6:03  Refinery  
  47  6:05  Missile Turret  
  47  6:07  Marine  
  47  6:09  Barracks Reactor, SCV x2  
  50  6:16  Supply Depot  
  50  6:17  Barracks  
  50  6:18  Marine  
  50  6:21  SCV x2  
  50  6:24  Marine  
  54  6:33  SCV x2  
  56  6:45  SCV x2  
  58  6:47  Marine x3  
  58  6:50  Barracks  
  58  6:53  Marine  
  62  6:57  Medivac x2, SCV  
  67  7:05  Marine x3  
  67  7:07  Command Center  
  70  7:11  Marine  
  70  7:13  SCV, Missile Turret  
  72  7:19  Supply Depot  
  72  7:22  Marine, Supply Depot x2  
  72  7:23  Siege Tank  
  72  7:27  Medivac  
  78  7:31  Barracks Reactor  
  54  8:13  Marine, Siege Tank  
  54  8:14  Marine  
  54  8:15  Medivac x2  
  63  8:20  Barracks Tech Lab  
  63  8:22  Marauder x2, Marine x2  
  69  8:31  Marine  
  70  8:34  Marine  
  70  8:39  Marine  
  70  8:40  Marauder, Marine  
  75  8:43  Marauder, Marine  
  75  8:45  Medivac, Siege Tank  
  83  8:49  Marine  
  83  8:52  Marine  
  85  8:57  Marine x2  
  85  9:01  Marauder x2  
  91  9:05  Marauder, Factory  
  91  9:07  Marine  
  94  9:10  Marine  
  94  9:11  Planetary Fortress  
  94  9:14  SCV  
  94  9:15  Marine x2, SCV  
  99  9:17  Siege Tank  
  99  9:22  Marauder  
  99  9:23  Marauder  
  106  9:26  Marauder, SCV  
  106  9:27  SCV  
  110  9:31  Marine, Missile Turret  
  110  9:32  Marine  
  110  9:34  Missile Turret  
  110  9:37  Missile Turret  
  112  9:39  SCV x2  
  112  9:44  Marauder  
  116  9:58  Marauder, Siege Tank  
  116  9:59  Marauder  
  113  10:05  Marauder, Marine x4  
  106  10:14  Medivac x2  
  106  10:19  Marauder, Marine  
  113  10:22  Marine  
  113  10:23  Refinery, Marine x3  
  113  10:25  Refinery  
  117  10:36  Missile Turret  
  117  10:45  Supply Depot x2  
  117  10:46  Marine x2  
  117  10:47  Marauder, Medivac x2  
  125  11:01  Supply Depot  
  125  11:02  Supply Depot  
  125  11:06  Marauder, Marine x4  
  125  11:08  Marauder  
  133  11:16  Supply Depot  
  133  11:21  Missile Turret  
  133  11:22  Missile Turret x2  
  133  11:24  Marauder, Marine  
  136  11:28  Marauder  
  136  11:30  Marauder  
  136  11:32  Marine x3  
  143  11:41  Missile Turret  
  143  11:42  Marine  
  143  11:46  Marauder  
  146  11:49  Marauder  
  93  13:03  Marine x7  
  97  13:07  Terran Infantry Armor Level 1  
  97  13:12  Engineering Bay  
  97  13:15  Supply Depot  
  97  13:17  Armory  
  97  13:20  Marine  
  97  13:21  Marine x6, Supply Depot x2  
  104  13:38  Marine x2  
  104  13:39  Marine x5  
  111  13:46  Supply Depot  
  111  13:50  Factory Reactor  
  111  13:56  Marine x4, Hi-Sec Auto Tracking  
  111  13:57  Marine x3  
  111  13:59  Missile Turret  
  111  14:00  Supply Depot  
  111  14:02  Supply Depot  
  118  14:14  Marine x5  
  118  14:15  Marauder, Marine  
  126  14:23  Medivac x2  
  130  14:25  Supply Depot  
  130  14:32  Marine x4  
  130  14:33  Marauder x2  
  130  14:37  Marauder  
  98  14:49  Marine  
  98  14:50  Marine x3  
  96  14:53  Medivac  
  96  14:54  Marauder  
  96  14:55  Marauder  
  96  14:58  Marauder  
  94  15:07  Marine x2  
  94  15:08  Marine x2  
  89  15:15  Marine x2  
  89  15:19  Marine  
  87  15:25  Marine x2  
  88  15:36  Marine x2  
  88  15:37  Marauder  
  92  15:44  Marauder  
  82  15:58  Command Center  
  82  16:03  Marine x2  
  82  16:04  Marine x2  
  71  16:11  Marine  
  72  16:12  Marine  
  73  16:20  Marine  
  74  16:31  Marine x2  
  49  16:52  Marine x3  
  4  18:44  Orbital Command  
  4  19:16  SCV  
  5  19:28  SCV  
Tags
 
Add a new tag
Caveats
  • Supply blocks, unpowered buildings, or Contaminate may cause inaccurate times.
  • Supply counts are checked every 10 seconds.